MLB
TEXAS RANGERS @ HOUSTON ASTROS
07/07/2044
 
TOP OF THE 1ST
Texas Rangers batting - Pitching for Houston Astros : RHP Shane Walker
Pitching: RHP Shane Walker
Batting: LHB Da Vo 0-0: Ball
1-0: Ball
2-0: Ball
3-0: Foul Ball, location: 2F
3-1: Foul Ball, location: 2F
3-2: Ground out 6-3 (Groundball, 6M, EV 106.3 MPH)
Batting: RHB David Casas 0-0: Called Strike
0-1: Ground out 2-3 (Groundball, 15S, EV 68.8 MPH)
Batting: SHB Jun Tsuda 0-0: Foul Ball, location: 2F
0-1: Ball
1-1: Ball
2-1: Ground out 4-3 (Groundball, 4, EV 87.5 MPH)
Top of the 1st over - 0 runs, 0 hits, 0 errors, 0 left on base; Texas 0 - Houston 0
BOTTOM OF THE 1ST
Houston Astros batting - Pitching for Texas Rangers : RHP Kelly Goosecock
Pitching: RHP Kelly Goosecock
Batting: RHB Matt Thompson 0-0: Ball
1-0: Foul Ball, location: 2F
1-1: Ball
2-1: Ball
3-1: Called Strike
3-2: Strikes out looking
Batting: LHB Bob Myers 0-0: Ball
1-0: Called Strike
1-1: Foul Ball, location: 2F
1-2: Strikes out looking
Batting: SHB Addick de Vries 0-0: Ball
1-0: Swinging Strike
1-1: Foul Ball, location: 2F
1-2: Foul Ball, location: 2F
1-2: Ball
2-2: Strikes out swinging
Bottom of the 1st over - 0 runs, 0 hits, 0 errors, 0 left on base; Texas 0 - Houston 0
TOP OF THE 2ND
Texas Rangers batting - Pitching for Houston Astros : RHP Shane Walker
Batting: SHB John Giesbrecht 0-0: Called Strike
0-1: DOUBLE (Line Drive, 8RXD, EV 101.3 MPH)
Batting: RHB Rich Stinson 0-0: Fly out, F9 (Flyball, 9D, EV 98.8 MPH)
Runner from 2nd tags up, SAFE at 3rd, no throw by RF
Batting: RHB Bert Clark 0-0: Called Strike
0-1: Foul Ball, location: 2F
0-2: Ball
1-2: Fly out, F8 (Flyball, 8RM, EV 86.3 MPH)
Batting: SHB Vince Ealy 0-0: Ball
1-0: Ball
2-0: Foul Ball, location: 2F
2-1: Foul Ball, location: 2F
2-2: Foul Ball, location: 2F
2-2: Ball
3-2: Ground out 6-3 (Groundball, 6, EV 85.0 MPH)
Top of the 2nd over - 0 runs, 1 hit, 0 errors, 1 left on base; Texas 0 - Houston 0
BOTTOM OF THE 2ND
Houston Astros batting - Pitching for Texas Rangers : RHP Kelly Goosecock
Batting: RHB Danny Dyer 0-0: Called Strike
0-1: Swinging Strike
0-2: Ball
1-2: Foul Ball, location: 2F
1-2: Strikes out swinging
Batting: SHB Joe Gardner 0-0: Called Strike
0-1: SINGLE (Line Drive, 56D, EV 95.0 MPH)
Batting: RHB Josh Froyd 0-0: Ball
1-0: Ball
2-0: Called Strike
2-1: Swinging Strike
2-2: Foul Ball, location: 2F
2-2: Ball
3-2: Grounds into double play, 5-4-3 (Groundball, 56, EV 108.1 MPH)
Bottom of the 2nd over - 0 runs, 1 hit, 0 errors, 0 left on base; Texas 0 - Houston 0
TOP OF THE 3RD
Texas Rangers batting - Pitching for Houston Astros : RHP Shane Walker
Batting: RHB Edwin Madrid 0-0: Ball
1-0: Ball
2-0: Ball
3-0: Base on Balls
Batting: RHB Zhao-ji Chi 0-0: Called Strike
Edwin Madrid is caught stealing 2nd base 2-4
0-1: Called Strike
0-2: SINGLE (Groundball, 56D, EV 110.0 MPH)
Batting: LHB Da Vo 0-0: Ball
1-0: Foul Ball, location: 2F
1-1: Ball
2-1: Called Strike
2-2: Fly out, F6 (Popup, 15, EV 89.4 MPH)
Batting: RHB David Casas 0-0: DOUBLE (Groundball, 5L, EV 106.9 MPH)
Zhao-ji Chi to third
Batting: SHB Jun Tsuda 0-0: Called Strike
0-1: Foul Ball, location: 2F
0-2: Foul Ball, location: 2F
0-2: Foul Ball, location: 2F
0-2: Foul Ball, location: 2F
0-2: Ball
1-2: Ball
2-2: Ball
3-2: Ground out 5-3 (Groundball, 6S, EV 91.3 MPH)
Top of the 3rd over - 0 runs, 2 hits, 0 errors, 2 left on base; Texas 0 - Houston 0
BOTTOM OF THE 3RD
Houston Astros batting - Pitching for Texas Rangers : RHP Kelly Goosecock
Batting: LHB Ian Jarvis 0-0: Ball
1-0: Ball
2-0: Foul Ball, location: 2F
2-1: Foul Ball, location: 2F
2-2: Strikes out swinging
Batting: RHB Trevor Mock 0-0: Foul Ball, location: 2F
0-1: Foul Ball, location: 2F
0-2: Strikes out looking
Batting: SHB Nate Kopchak 0-0: SOLO HOME RUN (Flyball, 8LXD, EV 106.3 MPH), Distance : 424 ft
Batting: RHB Matt Thompson 0-0: Called Strike
0-1: Swinging Strike
0-2: Ball
1-2: Ball
2-2: Strikes out swinging
Bottom of the 3rd over - 1 run, 1 hit, 0 errors, 0 left on base; Texas 0 - Houston 1
TOP OF THE 4TH
Texas Rangers batting - Pitching for Houston Astros : RHP Shane Walker
Batting: SHB John Giesbrecht 0-0: SINGLE (Groundball, 6S, EV 66.9 MPH) (infield hit)
Batting: RHB Rich Stinson 0-0: Ball
1-0: Ball
2-0: Called Strike
2-1: Called Strike
2-2: Fly out, F8 (Line Drive, 8RD, EV 95.6 MPH)
Batting: RHB Bert Clark 0-0: Foul Ball, location: 2F
0-1: Ball
1-1: Ball
2-1: Ball
3-1: Grounds into double play, 6-4-3 (Groundball, 6, EV 86.9 MPH)
Top of the 4th over - 0 runs, 1 hit, 0 errors, 0 left on base; Texas 0 - Houston 1
BOTTOM OF THE 4TH
Houston Astros batting - Pitching for Texas Rangers : RHP Kelly Goosecock
Batting: LHB Bob Myers 0-0: Called Strike
0-1: Called Strike
0-2: Ball
1-2: Ball
2-2: Foul Ball, location: 2F
2-2: Foul Ball, location: 2F
2-2: SINGLE (Line Drive, 34, EV 96.9 MPH)
Batting: SHB Addick de Vries 0-0: Ball
1-0: SINGLE (Groundball, 6D, EV 103.8 MPH)
Bob Myers to second
Batting: RHB Danny Dyer 0-0: Called Strike
0-1: Ball
1-1: Foul Ball, location: 2F
1-2: Foul Ball, location: 2F
1-2: Ball
2-2: Ball
3-2: Foul Ball, location: 2F
3-2: 3-RUN HOME RUN (Flyball, 78XD, EV 106.9 MPH), Distance : 416 ft
Batting: SHB Joe Gardner 0-0: Ball
1-0: Called Strike
1-1: Ball
2-1: Ground out 4-3 (Groundball, 4, EV 80.0 MPH)
Batting: RHB Josh Froyd 0-0: Foul Ball, location: 2F
0-1: Called Strike
0-2: Ball
1-2: Strikes out looking
Batting: LHB Ian Jarvis 0-0: Called Strike
0-1: Ball
1-1: Ball
2-1: SINGLE (Line Drive, 9S, EV 101.9 MPH)
Batting: RHB Trevor Mock 0-0: Called Strike
0-1: SINGLE (Groundball, 56D, EV 100.0 MPH)
Ian Jarvis to second
Batting: SHB Nate Kopchak 0-0: Ball
Wild Pitch!
Ian Jarvis to third
Trevor Mock to second
1-0: Called Strike
1-1: Ball
2-1: SINGLE (Flyball, 6D, EV 88.8 MPH)
Ian Jarvis scores
Trevor Mock to third
Runner from 3rd tries for Home, SAFE, throw by CF to home
Pitching: RHP Nate Burnett
Batting: RHB Matt Thompson 0-0: Called Strike
0-1: Fielders Choice at 2nd, 6-4 (Groundball, 6, EV 84.4 MPH)
Bottom of the 4th over - 5 runs, 6 hits, 0 errors, 1 left on base; Texas 0 - Houston 6
TOP OF THE 5TH
Texas Rangers batting - Pitching for Houston Astros : RHP Shane Walker
Batting: SHB Vince Ealy 0-0: Ball
1-0: Called Strike
1-1: Ground out 4-3 (Groundball, 4M, EV 84.4 MPH)
Batting: RHB Edwin Madrid 0-0: Ball
1-0: Ground out 4-3 (Groundball, 4, EV 105.0 MPH)
Batting: RHB Zhao-ji Chi 0-0: Swinging Strike
0-1: Swinging Strike
0-2: Strikes out swinging
Top of the 5th over - 0 runs, 0 hits, 0 errors, 0 left on base; Texas 0 - Houston 6
BOTTOM OF THE 5TH
Houston Astros batting - Pitching for Texas Rangers : RHP Nate Burnett
Batting: LHB Bob Myers 0-0: Ball
1-0: Fly out, F9 (Flyball, 89M, EV 91.3 MPH)
Batting: SHB Addick de Vries 0-0: Ball
1-0: Ball
2-0: Called Strike
2-1: Called Strike
2-2: Ground out 6-3 (Groundball, 6, EV 84.4 MPH)
Batting: RHB Danny Dyer 0-0: Ball
1-0: SINGLE (Flyball, 5D, EV 94.4 MPH)
Batting: SHB Joe Gardner 0-0: Called Strike
0-1: Ball
1-1: Ball
2-1: Foul Ball, location: 2F
2-2: Strikes out swinging
Bottom of the 5th over - 0 runs, 1 hit, 0 errors, 1 left on base; Texas 0 - Houston 6
TOP OF THE 6TH
Texas Rangers batting - Pitching for Houston Astros : RHP Shane Walker
Batting: LHB Da Vo 0-0: Ball
1-0: Foul Ball, location: 2F
1-1: Ball
2-1: Foul Ball, location: 2F
2-2: SINGLE (Groundball, 34S, EV 65.6 MPH) (infield hit)
Batting: RHB David Casas 0-0: Foul Ball, location: 2F
0-1: Foul Ball, location: 2F
0-2: Ball
1-2: Ball
2-2: Foul Ball, location: 2F
2-2: SINGLE (Flyball, 5D, EV 94.4 MPH)
Da Vo to second
Batting: SHB Jun Tsuda 0-0: Ball
1-0: Ball
2-0: Foul Ball, location: 2F
2-1: Ball
3-1: Called Strike
3-2: Base on Balls
Da Vo to third
David Casas to second
Batting: SHB John Giesbrecht 0-0: Called Strike
0-1: Called Strike
0-2: Foul Ball, location: 2F
0-2: Ball
1-2: Ball
2-2: Fly out, F9 (Flyball, 9D, EV 106.9 MPH)
Runner from 3rd tags up, SCORES, no throw by RF
David Casas to third
Batting: RHB Rich Stinson 0-0: Called Strike
0-1: Foul Ball, location: 2F
0-2: Fly out, F8 (Flyball, 8LXD, EV 96.3 MPH)
Runner from 3rd tags up, SCORES, no throw by CF
Batting: RHB Bert Clark 0-0: Ball
1-0: Ball
2-0: Ball
3-0: SINGLE (Groundball, 6M, EV 86.3 MPH) (infield hit)
Jun Tsuda to second
Batting: SHB Vince Ealy 0-0: Foul Ball, location: 2F
0-1: Ball
1-1: Foul Ball, location: 2F
1-2: Ground out U3 (Groundball, 3, EV 87.5 MPH)
Top of the 6th over - 2 runs, 3 hits, 0 errors, 2 left on base; Texas 2 - Houston 6
BOTTOM OF THE 6TH
Houston Astros batting - Pitching for Texas Rangers : RHP Nate Burnett
Batting: RHB Josh Froyd 0-0: Swinging Strike
0-1: Swinging Strike
0-2: Ball
1-2: Ball
2-2: Strikes out swinging
Batting: LHB Ian Jarvis 0-0: Ball
1-0: Called Strike
1-1: Ground out 4-3 (Groundball, 4, EV 88.1 MPH)
Batting: RHB Trevor Mock 0-0: Ball
1-0: Ground out 6-3 (Groundball, 6, EV 100.0 MPH)
Bottom of the 6th over - 0 runs, 0 hits, 0 errors, 0 left on base; Texas 2 - Houston 6
TOP OF THE 7TH
Texas Rangers batting - Pitching for Houston Astros : RHP Shane Walker
Pitching: LHP Jordan Ruiz
Batting: RHB Edwin Madrid 0-0: Fly out, F7 (Line Drive, 7, EV 96.3 MPH)
Batting: RHB Zhao-ji Chi 0-0: Swinging Strike
0-1: Called Strike
0-2: Foul Ball, location: 2F
0-2: Ball
1-2: DOUBLE (Line Drive, 78D, EV 105.0 MPH)
Batting: LHB Da Vo 0-0: Foul Ball, location: 2F
0-1: 2-RUN HOME RUN (Flyball, 8LXD, EV 107.5 MPH), Distance : 427 ft
Batting: RHB David Casas 0-0: Foul Ball, location: 2F
0-1: Ball
1-1: Swinging Strike
1-2: Strikes out swinging, 2-3 out at first.
Batting: SHB Jun Tsuda 0-0: Fly out, F8 (Flyball, 8LM, EV 90.0 MPH)
Top of the 7th over - 2 runs, 2 hits, 0 errors, 0 left on base; Texas 4 - Houston 6
BOTTOM OF THE 7TH
Houston Astros batting - Pitching for Texas Rangers : RHP Nate Burnett
Batting: SHB Nate Kopchak 0-0: Called Strike
0-1: Ground out 4-3 (Groundball, 4, EV 83.1 MPH)
Batting: RHB Matt Thompson 0-0: DOUBLE (Line Drive, 89D, EV 106.3 MPH)
Batting: LHB Bob Myers 0-0: Called Strike
0-1: Called Strike
0-2: Ball
1-2: Ball
2-2: Ball
3-2: Base on Balls
Batting: SHB Addick de Vries 0-0: Ball
1-0: Ball
2-0: Grounds into double play, 4-6-3 (Groundball, 4M, EV 106.3 MPH)
Bottom of the 7th over - 0 runs, 1 hit, 0 errors, 1 left on base; Texas 4 - Houston 6
TOP OF THE 8TH
Texas Rangers batting - Pitching for Houston Astros : LHP Jordan Ruiz
Batting: SHB John Giesbrecht 0-0: SINGLE (Line Drive, 4D, EV 98.1 MPH)
Batting: RHB Rich Stinson 0-0: Ball
1-0: Ball
Wild Pitch!
John Giesbrecht to second
2-0: Foul Ball, location: 2F
2-1: Ball
3-1: Base on Balls
Batting: RHB Bert Clark 0-0: Grounds into double play, 4-6-3 (Groundball, 4M, EV 103.8 MPH)
John Giesbrecht to third
Batting: SHB Vince Ealy 0-0: Ball
1-0: Ball
2-0: Ball
3-0: Base on Balls
Batting: RHB Edwin Madrid 0-0: Ball
1-0: Foul Ball, location: 2F
1-1: SINGLE (Groundball, 6MD, EV 97.5 MPH)
John Giesbrecht scores
Vince Ealy to second
Runner from 2nd tries for 3rd, SAFE, throw by CF made to third
Edwin Madrid to second
Pitching: RHP Bill Tulk
Pinch Hitting: LHB Cody Schumacher 0-0: Ball
1-0: Called Strike
1-1: Foul Ball, location: 2F
1-2: Foul Ball, location: 2F
1-2: Ball
2-2: Strikes out swinging
Top of the 8th over - 1 run, 2 hits, 0 errors, 2 left on base; Texas 5 - Houston 6
BOTTOM OF THE 8TH
Houston Astros batting - Pitching for Texas Rangers : RHP Nate Burnett
Pitching: RHP Kyle Curve
Now in CF: Cody Schumacher
Batting: RHB Danny Dyer 0-0: Called Strike
0-1: Swinging Strike
0-2: Ball
1-2: Foul Ball, location: 2F
1-2: Ball
2-2: Strikes out swinging
Batting: SHB Joe Gardner 0-0: Ball
1-0: Ball
2-0: DOUBLE (Flyball, 8LXD, EV 107.5 MPH)
Batting: RHB Josh Froyd 0-0: Called Strike
0-1: Ground out 4-3 (Groundball, 34, EV 87.5 MPH)
Joe Gardner to third
Batting: LHB Ian Jarvis 0-0: Ball
1-0: Called Strike
1-1: Swinging Strike
1-2: Ball
2-2: Strikes out looking
Bottom of the 8th over - 0 runs, 1 hit, 0 errors, 1 left on base; Texas 5 - Houston 6
TOP OF THE 9TH
Texas Rangers batting - Pitching for Houston Astros : RHP Bill Tulk
Pitching: RHP Bill Dillard
Batting: LHB Da Vo 0-0: Called Strike
0-1: Ball
1-1: Foul Ball, location: 2F
1-2: Strikes out swinging
Batting: RHB David Casas 0-0: Ball
1-0: Foul Ball, location: 2F
1-1: Foul Ball, location: 2F
1-2: Ball
2-2: Foul Ball, location: 2F
2-2: SINGLE (Line Drive, 9LM, EV 95.0 MPH)
Batting: SHB Jun Tsuda 0-0: Ball
1-0: Ball
2-0: TRIPLE (Flyball, 89XD, EV 98.1 MPH)
David Casas scores
Batting: SHB John Giesbrecht 0-0: Intentional Walk
Batting: RHB Rich Stinson 0-0: Ball
1-0: Ball
2-0: Ball
3-0: Base on Balls
John Giesbrecht to second
Batting: RHB Bert Clark 0-0: SINGLE (Groundball, 34D, EV 96.9 MPH)
Jun Tsuda scores
John Giesbrecht to third
Rich Stinson to second
Batting: SHB Vince Ealy 0-0: Called Strike
0-1: Ball
1-1: Ball
2-1: Foul Ball, location: 2F
2-2: Ball
3-2: Fly out, F5 (Popup, 56, EV 66.3 MPH)
Batting: RHB Edwin Madrid 0-0: Ball
1-0: Ground out 2-3 (Groundball, 15S, EV 69.4 MPH)
Top of the 9th over - 2 runs, 3 hits, 0 errors, 3 left on base; Texas 7 - Houston 6
BOTTOM OF THE 9TH
Houston Astros batting - Pitching for Texas Rangers : RHP Kyle Curve
Pitching: RHP Brad Kramer
Now at 1B: Johan de Vries
Batting: RHB Trevor Mock 0-0: Called Strike
0-1: Fly out, F7 (Flyball, 7LM, EV 87.5 MPH)
Batting: SHB Nate Kopchak 0-0: Ball
1-0: Called Strike
1-1: Ball
2-1: Foul Ball, location: 2F
2-2: Fly out, F6 (Flyball, 6MD, EV 91.3 MPH)
Batting: RHB Matt Thompson 0-0: Ball
1-0: Foul Ball, location: 2F
1-1: Foul Ball, location: 2F
1-2: Strikes out looking
Bottom of the 9th over - 0 runs, 0 hits, 0 errors, 0 left on base; Texas 7 - Houston 6
Thursday, March 31st , 2022 - OOTP Baseball 22.12 Build 89